 Dungeon Crawl Stone Soup version 0.27-a0-1191-g601b473118 (webtiles) character file.

Game seed: 417867171919180489

80 jasper the Magician (level 4, 0/30 HPs)
             Began as a Demonspawn Hedge Wizard on May 23, 2021.
             Killed by divine providence
             ... invoked by an orc priest
              (11 damage)
             ... on level 4 of the Dungeon.
             The game lasted 00:06:16 (3286 turns).

jasper the Magician (Demonspawn Hedge Wizard)       Turns: 3286, Time: 00:06:16

Health: 0/30       AC:  2    Str: 10    XL:     4   Next: 18%
Magic:  6/10       EV: 12    Int: 17    God:
Gold:   108        SH:  0    Dex: 12    Spells: 2/12 levels left

rFire    . . .     SeeInvis +   a - +0 dagger (venom)
rCold    . . .     Faith    .   (no shield)
rNeg     . . .     Spirit   .   b - +0 robe
rPois    .         Reflect  .   (helmet restricted)
rElec    .         Harm     .   (no cloak)
rCorr    .         Rampage  .   (no gloves)
Will     .....                  (no boots)
Stlth    ++........             (no amulet)
HPRegen  0.10/turn              e - ring of see invisible
MPRegen  0.12/turn              (no ring)

@: very slightly contaminated
A: horns 1, ignite blood 1
a: no special abilities


You were on level 4 of the Dungeon.
You visited 1 branch of the dungeon, and saw 4 of its levels.

You collected 108 gold pieces.

Inventory:

Hand Weapons
 a - a +0 dagger of venom (weapon)
Missiles
 f - 55 stones
 h - 12 poisoned darts
 j - 4 javelins
 l - 22 bolts
 n - 5 boomerangs
Armour
 b - a +0 robe (worn)
 c - a +0 hat
 d - a +0 helmet
 i - a +0 ring mail
Jewellery
 e - a ring of see invisible (left hand)
 o - an amulet of guardian spirit
Scrolls
 g - a scroll of brand weapon
 m - a scroll of teleportation
Potions
 k - a potion of curing


   Skills:
 - Level 1.7 Dodging
 - Level 1.7 Stealth
 + Level 4.8 Spellcasting
 - Level 1.0 Conjurations
 - Level 1.0 Summonings
 - Level 0.8 Translocations


You had 2 spell levels left.
You knew the following spells:

 Your Spells              Type           Power      Damage    Failure   Level
a - Magic Dart            Conj           28%        1d4       10%         1
b - Call Imp              Summ           7%         N/A       14%         2
c - Blink                 Tloc           N/A        N/A       16%         2
d - Slow                  Hex            4%         N/A       22%         2
e - Conjure Flame         Conj/Fire      5%         6-21      34%         3

Your spell library contained the following spells:

 Spells                   Type           Power      Damage    Failure   Level
 Mephitic Cloud           Conj/Pois/Air  5%         N/A       36%         3


Dungeon Overview and Level Annotations

Branches:
Dungeon (4/15)
 Temple: D:4-7

Altars:
Elyvilon
Nemelex Xobeh


Innate Abilities, Weirdness & Mutations

You have a pair of small horns on your head.
Your demonic aura sometimes causes spilled blood to erupt in flames.


Message History

k - 3 potions of curing (gained 1)
You see here 24 arrows.
An orc priest comes into view. It is wielding a +0 hand axe.
The orc priest shouts!
You hear a shout! x4; You hear a bark!
The orc priest invokes the aid of Beogh against you.
Beogh smites you!
Found a stone staircase leading up.
You take 14 damage, and have 16/30 hp.
MASSIVE DAMAGE!!
You feel better.
An orc comes into view. It is wielding a +0 dagger.
You regained 10 hp, and now have 26/30 hp.
You feel better.
Health restored: 30 You closely miss the orc priest.
A jackal comes into view.
An orc comes into view. It is wielding a +0 club.
You barely miss the orc priest.
The orc priest hits you with a +0 hand axe.
An orc comes into view. It is wielding a +0 flail.
You take 2 damage, and have 28/30 hp.
You hit the orc priest but do no damage.
The orc priest is poisoned.
The orc priest mumbles some strange prayers to Beogh against you.
Beogh smites you!
You take 10 damage, and have 18/30 hp.
MASSIVE DAMAGE!!
Casting: Magic Dart (safe; 10% risk of failure)
Confirm with . or Enter, or press ? or * to list all spells.
You miscast Call Imp.
You are very lightly contaminated with residual magic.
Nothing appears to happen.
The orc priest hits you with a +0 hand axe!
You take 7 damage, and have 11/30 hp.
MASSIVE DAMAGE!!
You now have 8/10 mp.
A jackal comes into view.
Casting: Call Imp (safe; 14% risk of failure)
Confirm with . or Enter, or press ? or * to list all spells.
A beastly little devil appears in a puff of flame.
The jackal barks!
You hear a shout! x2
The orc priest mumbles some strange prayers to Beogh against you.
Beogh smites you!
You die...

...####..#
.........#
#######.##
.........# .
#######..# #.
.#######..# ..
..........## <##.#
.#######.5.###oo.h.#
.#.####......@○ooh#
........##...######
##.########(##
........# #########


You could see an orc priest (very poisoned, ally target), 3 orcs, 2 jackals and
a friendly crimson imp (summoned).

Vanquished Creatures
  A howler monkey zombie (D:3)
  3 adders
  A worm (D:2)
  An orc (D:3)
  4 bats
  3 endoplasms
  3 giant cockroaches
  A goblin (D:3)
  5 hobgoblins
  A kobold (D:1)
  2 quokkas
  5 ball pythons
  A frilled lizard (D:3)
  6 rats
37 creatures vanquished.

Notes
Turn   | Place    | Note
-------+----------+-------------------------------------------
     0 | D:1      | jasper the Demonspawn Hedge Wizard began the quest for the
                  | Orb.
     0 | D:1      | Reached XP level 1. HP: 13/13 MP: 4/4
   343 | D:1      | Gained mutation: You have a pair of small horns on your
                  | head. [demonic ancestry]
   343 | D:1      | Reached XP level 2. HP: 9/19 MP: 0/6
   904 | D:1      | Found a faded altar of an unknown god.
  1683 | D:2      | Reached skill level 4 in Spellcasting
  1683 | D:2      | Reached XP level 3. HP: 12/24 MP: 6/8
  1686 | D:2      | Learned a level 2 spell: Call Imp
  1689 | D:2      | Learned a level 2 spell: Blink
  1692 | D:2      | Learned a level 2 spell: Slow
  1696 | D:2      | Learned a level 3 spell: Conjure Flame
  2393 | D:3      | Found a sparkling altar of Nemelex Xobeh.
  2610 | D:3      | Gained mutation: Your demonic aura sometimes causes spilled
                  | blood to erupt in flames. [demonic ancestry]
  2610 | D:3      | Reached XP level 4. HP: 11/30 MP: 7/10
  3286 | D:4      | Killed from afar by an orc priest

Illustrated notes

Levels and vault maps discovered:
D:1:      lightli_arrival_statuegarden, layout_loops_corners,
          hellmonk_ecumenical_altar_crossroads, chequers_serial_rivers_micro_e
D:2:      layout_basic, basic_altar, serial_glass, glass_columns_c,
          glass_columns_b, glass_columns_a, glass_columns_a, glass_columns_a
D:3:      layout_rooms, lemuel_crystal_altar, grunt_ministairs_12
D:4:      cheibrodos_greedy_goblins, layout_loops_ring, grunt_dithmenos_smoke,
          elyvilon_altar_4, minmay_temple_entry_glassed_door, serial_shops, shop

Skill      XL: |  1  2 |
---------------+-------+-----
Spellcasting   | 4 |  4.8
Dodging        | |  1.7
Stealth        | |  1.7
Conjurations   | |  1.0
Summonings     | |  1.0
Translocations | |  0.8

Action                   |  1- 3 |  4- 6 || total
-------------------------+-------+-------++-------
Melee: Dagger            |    65 |     3 ||    68
       Headbutt          |    11 |       ||    11
 Cast: Magic Dart        |    76 |     9 ||    85
       Call Imp          |     2 |     1 ||     3
  Use: Scroll            |     5 |       ||     5
       Potion            |     1 |     2 ||     3
Armor: Robe              |     7 |       ||     7
Dodge: Dodged            |    40 |       ||    40

Table legend: (Time is in decaauts)
 A = Elapsed time spent in this place.
 B = Non-inter-level travel time spent in this place.
 C = Inter-level travel time spent in this place.
 D = Time resting spent in this place.
 E = Time spent auto-exploring this place.
 F = Levels seen in this place.
 G = Mean time per level.
                   A        B        C        D        E       F      G
               +--------+--------+--------+--------+--------+-----+--------+
         Total |   3284 |   3137 |    147 |    288 |   2543 |   4 |  821.0 |
       Dungeon |   3284 |   3137 |    147 |    288 |   2543 |   4 |  821.0 |
               +--------+--------+--------+--------+--------+-----+--------+

Top non-repeatable levels by time:
     D:1: 1453 daAuts
     D:3: 932 daAuts
     D:2: 863 daAuts
     D:4: 34 daAuts
